 Dungeon Crawl Stone Soup version 0.25.1-2-g60ff931df9 (webtiles) character file.

Game seed: 12434623482904455572

4050 Erymatos the Cleaver (level 10, -24/88 HPs)
             Began as a Minotaur Berserker on Oct 31, 2020.
             Was a High Priest of Trog.
             Killed from afar by Erica (26 damage)
             ... with a lance of force
             ... on level 8 of the Dungeon.
             The game lasted 00:12:02 (9162 turns).

Erymatos the Cleaver (Minotaur Berserker)           Turns: 9162, Time: 00:12:03

Health: -24/88     AC: 12    Str: 25    XL:     10   Next: 4%
Magic:  9/9        EV: 13    Int:  4    God:    Trog [*****.]
Gold:   356        SH:  0    Dex: 10    Spells: 9/9 levels left

rFire    . . .     SeeInvis .   s - +1 hand axe (vorpal)
rCold    + . .     Gourm    .   (no shield)
rNeg     . . .     Faith    .   t - +0 scale mail
rPois    .         Spirit   .   (helmet restricted)
rElec    .         Reflect  .   D - +1 cloak {Stlth+}
rCorr    .         Harm     .   l - +0 pair of gloves
MR       .....                  (no boots)
Stlth    ..........             (no amulet)
HPRegen  0.24/turn              j - ring of protection from cold
MPRegen  0.11/turn              (no ring)

@: marked, berserk cooldown, slowed, very slow
A: retaliatory headbutt, horns 2
a: Berserk, Trog's Hand, Brothers in Arms, Renounce Religion


You were on level 8 of the Dungeon.
You worshipped Trog.
Trog was extremely pleased with you.
You were very hungry.

You visited 1 branch of the dungeon, and saw 8 of its levels.

You collected 356 gold pieces.

Inventory:

Hand Weapons
 a - a +0 hand axe
 s - a +1 vorpal hand axe (weapon)
Armour
 l - a +0 pair of gloves (worn)
 t - a +0 scale mail (worn)
 B - a +0 cloak
 D - a +1 cloak of stealth (worn)
Jewellery
 j - a ring of protection from cold (left hand)
 u - an uncursed amulet of reflection
Wands
 v - a wand of clouds (5)
 A - a wand of disintegration (24)
Scrolls
 d - a scroll of noise {unknown}
 e - 6 scrolls of remove curse
 f - 2 scrolls of fog {unknown}
 g - 11 scrolls of identify
 i - a scroll of immolation {unknown}
 o - 3 scrolls of enchant armour {unknown}
 q - 2 scrolls of amnesia {unknown}
 r - 5 scrolls of teleportation {unknown}
 y - a scroll of enchant weapon {unknown}
 C - a scroll of blinking {unknown}
Potions
 h - 3 potions of haste {unknown}
 k - 2 potions of flight {unknown}
 m - 5 potions of curing {unknown}
 n - 6 potions of lignification {unknown}
 p - a potion of might {unknown}
 w - a potion of berserk rage {unknown}
 x - 2 potions of heal wounds {unknown}
 z - a potion of invisibility {unknown}
Comestibles
 b - 11 chunks of flesh
 c - 16 rations


   Skills:
 + Level 7.7 Fighting
 + Level 11.7 Axes
 + Level 8.7 Armour
 + Level 6.6 Dodging
 + Level 2.0 Stealth


You had 9 spell levels left.
You didn't know any spells.
Your spell library was empty.

Dungeon Overview and Level Annotations

Branches:
Dungeon (8/15)             Temple (0/1) D:5
   Lair: D:8-11

Altars:
Fedhas
Nemelex Xobeh
Okawaru
Uskayaw
Xom
The Shining One

Annotations:
D:8 Erica, Harold


Innate Abilities, Weirdness & Mutations

You reflexively headbutt those who attack you in melee.
You have a pair of horns on your head.


Message History

Harold hits you with a +0 scimitar!
* * * LOW HITPOINT WARNING * * *
You barely miss Harold.
Harold is heavily wounded.
You hit the orc.
Erica points at you and mumbles some strange words.
You feel as though you will be slow longer.
The orc misses you. Harold misses you. You furiously retaliate!
You headbutt Harold! The ice beast barely misses you.
An ice beast comes into view.
A hippogriff comes into view.
You hit Harold.
Harold is severely wounded.
You hit Erica. You closely miss the ice beast. You barely miss the orc.
The orc closely misses you. Harold casts a spell at you.
The mark upon you grows brighter.
The ice beast hits you but does no damage.
Erica points at you and mumbles some strange words.
The lance of force hits you!!
You die...

#....#....##
#.!......Y.####. #..
#..........#... .. ...
##..........#..##. ..
#................# ..# ..
#.....##.o.#.Z...###.# ..
#.....)##@o#.........###..
...(.(.)(@YZJ.............
..###.)†).@...............
#.((..........#..##....
##.).[..(..####........
#......#...##....))#..
.......##.##........).##.
......###..#:#.........#.
....... ##...##..........
....... ...##..........


You could see Harold, Erica, 2 ice beasts, a jelly, an orc wizard, an orc and a
quokka zombie.

Vanquished Creatures
  Joseph (D:8)
  A hippogriff (D:8)
  Eustachio (D:4)
  A hungry ghost (D:7)
  3 water moccasins
  An orc warrior (D:6)
  2 sky beasts
  4 ogres
  2 centaurs (D:6)
  6 bullfrogs
  2 scorpions
  4 wights (D:4)
  4 howler monkeys
  2 crimson imps (D:6)
  A quasit (D:8)
  6 orc priests
  5 hounds
  A jelly (D:5)
  9 orc wizards
  2 bullfrog skeletons
  A centaur skeleton (D:5)
  5 iguanas
  9 worker ants
  A killer bee zombie (D:5)
  A hound skeleton (D:7)
  A worker ant zombie (D:8)
  8 adders
  2 shadow imps
  3 oozes
  2 adder skeletons
  3 worms (D:2)
  3 dart slugs
  4 leopard geckos
  32 orcs
  A ball python (D:3)
  16 bats
  4 giant cockroaches
  6 goblins
  14 hobgoblins
  6 jackals (D:1)
  4 quokkas
  4 frilled lizards
  12 kobolds
  2 leopard gecko skeletons
  3 quokka skeletons
  8 rats
213 creatures vanquished.

Notes
Turn   | Place    | Note
-------+----------+-------------------------------------------
     0 | D:1      | Erymatos the Minotaur Berserker began the quest for the
                  | Orb.
     0 | D:1      | Reached XP level 1. HP: 19/19 MP: 0/0
   231 | D:1      | Reached XP level 2. HP: 27/27 MP: 1/1
   232 | D:1      | Reached skill level 4 in Axes
   710 | D:1      | Reached ** piety under Trog
   713 | D:1      | Reached XP level 3. HP: 18/33 MP: 2/2
  1144 | D:2      | Noticed a scorpion
  1151 | D:2      | Killed a scorpion
  1151 | D:2      | Reached XP level 4. HP: 33/41 MP: 3/3
  1605 | D:2      | Reached skill level 5 in Axes
  2036 | D:2      | Found a glowing golden altar of the Shining One.
  2071 | D:2      | Found a faded altar of an unknown god.
  2299 | D:3      | Reached XP level 5. HP: 22/47 MP: 4/4
  3051 | D:3      | Reached *** piety under Trog
  3156 | D:3      | Reached skill level 5 in Fighting
  3260 | D:4      | Noticed an ogre
  3267 | D:4      | Killed an ogre
  3267 | D:4      | Reached skill level 6 in Axes
  3267 | D:4      | Reached skill level 1 in Stealth
  3267 | D:4      | Reached XP level 6. HP: 53/56 MP: 5/5
  3478 | D:4      | Noticed Eustachio
  3493 | D:4      | Killed Eustachio
  3493 | D:4      | Reached XP level 7. HP: 61/61 MP: 6/6
  3597 | D:4      | Reached skill level 7 in Axes
  3999 | D:4      | Reached skill level 8 in Axes
  4006 | D:4      | Reached skill level 5 in Dodging
  5092 | D:5      | Entered Level 5 of the Dungeon
  5098 | D:5      | Found a shimmering altar of Xom.
  5122 | D:5      | Reached XP level 8. HP: 55/70 MP: 7/7
  5363 | D:5      | Found a blossoming altar of Fedhas.
  5367 | D:5      | Reached **** piety under Trog
  5559 | D:5      | Reached skill level 9 in Axes
  5723 | D:5      | Found a staircase to the Ecumenical Temple.
  6340 | D:6      | Reached skill level 5 in Armour
  6704 | D:6      | Reached skill level 10 in Axes
  7043 | D:6      | Found a hide-covered altar of Uskayaw.
  7120 | D:6      | Reached XP level 9. HP: 63/78 MP: 8/8
  7766 | D:7      | Found an iron altar of Okawaru.
  8064 | D:7      | Found a sparkling altar of Nemelex Xobeh.
  8153 | D:7      | Reached skill level 11 in Axes
  8797 | D:8      | Noticed Joseph
  8818 | D:8      | Killed Joseph
  9066 | D:8      | Reached ***** piety under Trog
  9128 | D:8      | Noticed Harold
  9142 | D:8      | Reached XP level 10. HP: 80/88 MP: 9/9
  9153 | D:8      | Noticed Erica
  9154 | D:8      | Received a gift from Trog
  9160 | D:8      | HP: 1/88 [Harold/+0 scimitar (10)]
  9162 | D:8      | Killed from afar by Erica

Illustrated notes

Levels and vault maps discovered:
D:1:      dpeg_arrival_erosion, layout_basic
D:2:      layout_loops_ring, tso_oasis_becter, chequers_ecumenical_altar_grove,
          minmay_three_crescents
D:3:      cheibrodos_greedy_goblins, layout_rooms, serial_curves,
          eino_curves_02, eino_curves_02
D:4:      layout_layer_cave, first_ration, nicolae_ossuary_entry_monument,
          nrook_mini_vaults, uniq_eustachio
D:5:      layout_basic, fedhas_altar_1, minmay_temple_entry_poolview,
          basic_altar
D:6:      cheibrodos_barr_body, layout_loops_ring, lemuel_round_altar
D:7:      layout_loops_cross, nicolae_overflow_crystal_walls,
          lemuel_doored_altar
D:8:      layout_cave_pools, uniq_erica, uniq_harold, uniq_joseph

Skill      XL: |  1  2  3  4  5  6  7  8  9 |
---------------+----------------------------+-----
Fighting       | 4 5 6 7 |  7.7
Axes           | 4 5 6 8 10 11 | 11.7
Dodging        | 3 4 5 6 |  6.6
Stealth        | 1 2 |  2.0
Armour         | 3 6 8 |  8.7

Action                   |  1- 3 |  4- 6 |  7- 9 | 10-12 || total
-------------------------+-------+-------+-------+-------++-------
Melee: Hand axe          |    51 |   156 |   365 |    15 ||   587
       Headbutt          |     6 |    28 |    65 |     4 ||   103
Invok: Berserk           |     1 |     3 |     4 |       ||     8
  Use: Scroll            |       |       |     2 |       ||     2
 Stab: Sleeping          |       |     1 |       |       ||     1
  Eat: Chunk             |     1 |     7 |    15 |       ||    23
       Ration            |       |     1 |     2 |       ||     3
Armor: Animal skin       |    17 |    34 |       |       ||    51
       Scale mail        |       |       |   115 |    10 ||   125
Dodge: Dodged            |    51 |   109 |   185 |    32 ||   377
